TOP OF THE 1ST |
Detroit X-Wings batting - Pitching for Wisconsin Timber Rattlers : RHP Arthur Green
|
Pitching: RHP Arthur Green
|
|
Batting: RHB Gary Witt
|
0-0: Called Strike 0-1: Ball 1-1: Swinging Strike 1-2: Foul Ball, location: 2F 1-2: Ball 2-2: Strikes out swinging
|
Batting: RHB Vincente Encarnación
|
0-0: Ball 1-0: Called Strike 1-1: SINGLE (Groundball, 6MD)
|
Batting: LHB Chris Loudermilk
|
0-0: Called Strike 0-1: Ball 1-1: Ball 2-1: Foul Ball, location: 2F 2-2: Fly out, F7 (Flyball, 7S)
|
Batting: RHB Keith Sims
|
0-0: Foul Ball, location: 2F 0-1: Foul Ball, location: 2F 0-2: Ball 1-2: Foul Ball, location: 2F 1-2: Ground out 6-3 (Groundball, 6M)
|
Top of the 1st over - 0 run(s), 1 hit(s), 0 error(s), 1 left on base; Detroit 0 - Wisconsin 0 |
BOTTOM OF THE 1ST |
Wisconsin Timber Rattlers batting - Pitching for Detroit X-Wings : LHP Richard Dorris
|
Pitching: LHP Richard Dorris
|
|
Batting: RHB Greg King
|
0-0: Ball 1-0: Foul Ball, location: 2F 1-1: Fly out, F7 (Flyball, 7)
|
Batting: LHB Ramón Córdova
|
0-0: Called Strike 0-1: Ground out 6-3 (Groundball, 6S)
|
Batting: RHB Shawn Marshall
|
0-0: Swinging Strike 0-1: Fly out, F9 (Flyball, 9LSF)
|
Bottom of the 1st over - 0 run(s), 0 hit(s), 0 error(s), 0 left on base; Detroit 0 - Wisconsin 0 |
TOP OF THE 2ND |
Detroit X-Wings batting - Pitching for Wisconsin Timber Rattlers : RHP Arthur Green
|
Batting: RHB Enrique Aguilar
|
0-0: Ball 1-0: Ball 2-0: Swinging Strike 2-1: Foul Ball, location: 2F 2-2: Ground out 6-3 (Groundball, 6M)
|
Batting: RHB Jorge Castillo
|
0-0: Ball 1-0: Ground out 6-3 (Groundball, 6S)
|
Batting: LHB Sergio Luna
|
0-0: Swinging Strike 0-1: Called Strike 0-2: Strikes out swinging
|
Top of the 2nd over - 0 run(s), 0 hit(s), 0 error(s), 0 left on base; Detroit 0 - Wisconsin 0 |
BOTTOM OF THE 2ND |
Wisconsin Timber Rattlers batting - Pitching for Detroit X-Wings : LHP Richard Dorris
|
Batting: RHB Enrico Ramos
|
0-0: Ground out 5-3 (Groundball, 56S)
|
Batting: RHB Vicente Vélez
|
0-0: Called Strike 0-1: Ball 1-1: Ball 2-1: Foul Ball, location: 2F 2-2: Ball 3-2: Fly out, F5 (Line Drive, 5S)
|
Batting: RHB John Denton
|
0-0: Ground out 4-3 (Groundball, 4)
|
Bottom of the 2nd over - 0 run(s), 0 hit(s), 0 error(s), 0 left on base; Detroit 0 - Wisconsin 0 |
TOP OF THE 3RD |
Detroit X-Wings batting - Pitching for Wisconsin Timber Rattlers : RHP Arthur Green
|
Batting: RHB Yoshitsune Kamida
|
0-0: Ball 1-0: Ball 2-0: Called Strike 2-1: Ball 3-1: Called Strike 3-2: Strikes out swinging
|
Batting: RHB Domingo Ávila
|
0-0: Foul Ball, location: 2F 0-1: Called Strike 0-2: Ball 1-2: Fly out, F7 (Line Drive, 7D)
|
Batting: RHB Gary Witt
|
0-0: Ball 1-0: Foul Ball, location: 2F 1-1: Foul Ball, location: 2F 1-2: Foul Ball, location: 2F 1-2: Ball 2-2: Strikes out swinging
|
Top of the 3rd over - 0 run(s), 0 hit(s), 0 error(s), 0 left on base; Detroit 0 - Wisconsin 0 |
BOTTOM OF THE 3RD |
Wisconsin Timber Rattlers batting - Pitching for Detroit X-Wings : LHP Richard Dorris
|
Batting: LHB Alex Henderson
|
0-0: Foul Ball, location: 2F 0-1: DOUBLE (Flyball, 89D)
|
Batting: RHB Kirk Powell
|
0-0: Ball 1-0: DOUBLE (Line Drive, 9D) Alex Henderson scores
|
Batting: SHB Bob Warren
|
0-0: Ball 1-0: Foul Ball, location: 2F 1-1: Ball 2-1: Ball 3-1: Base on Balls
|
Batting: RHB Greg King
|
0-0: Ball 1-0: 3-RUN HOME RUN (Flyball, 78XD), Distance : 388 ft
|
Batting: LHB Ramón Córdova
|
0-0: Foul Ball, location: 2F 0-1: Ball 1-1: Foul Ball, location: 2F 1-2: Ground out 1-3 (Groundball, 13)
|
Batting: RHB Shawn Marshall
|
0-0: Ball 1-0: Ball 2-0: Ground out 5-3 (Groundball, 56)
|
Batting: RHB Enrico Ramos
|
0-0: Ball 1-0: Called Strike 1-1: SINGLE (Line Drive, 4M)
|
Batting: RHB Vicente Vélez
|
0-0: Ball 1-0: 2-RUN HOME RUN (Flyball, 9D), Distance : 370 ft
|
Batting: RHB John Denton
|
0-0: Ball 1-0: Called Strike 1-1: Ground out 5-3 (Groundball, 5L)
|
Bottom of the 3rd over - 6 run(s), 5 hit(s), 0 error(s), 0 left on base; Detroit 0 - Wisconsin 6 |
TOP OF THE 4TH |
Detroit X-Wings batting - Pitching for Wisconsin Timber Rattlers : RHP Arthur Green
|
Batting: RHB Vincente Encarnación
|
0-0: Ball 1-0: Called Strike 1-1: Swinging Strike 1-2: Ball 2-2: Ball 3-2: Strikes out swinging
|
Batting: LHB Chris Loudermilk
|
0-0: Ground out 3-1 (Groundball, 34)
|
Batting: RHB Keith Sims
|
0-0: Called Strike 0-1: Called Strike 0-2: Ball 1-2: Strikes out swinging
|
Top of the 4th over - 0 run(s), 0 hit(s), 0 error(s), 0 left on base; Detroit 0 - Wisconsin 6 |
BOTTOM OF THE 4TH |
Wisconsin Timber Rattlers batting - Pitching for Detroit X-Wings : LHP Richard Dorris
|
Batting: LHB Alex Henderson
|
0-0: Ball 1-0: Ball 2-0: Fly out, F4 (Popup, 4)
|
Batting: RHB Kirk Powell
|
0-0: Called Strike 0-1: SINGLE (Groundball, 3D)
|
Batting: SHB Bob Warren
|
0-0: Ball 1-0: Ball 2-0: Ball 3-0: Called Strike 3-1: Swinging Strike 3-2: Strikes out swinging Kirk Powell is caught stealing 2nd base Batter strikes out.
|
Bottom of the 4th over - 0 run(s), 1 hit(s), 0 error(s), 0 left on base; Detroit 0 - Wisconsin 6 |
TOP OF THE 5TH |
Detroit X-Wings batting - Pitching for Wisconsin Timber Rattlers : RHP Arthur Green
|
Batting: RHB Enrique Aguilar
|
0-0: Called Strike 0-1: Ball 1-1: Called Strike 1-2: Foul Ball, location: 2F 1-2: Ball 2-2: Foul Ball, location: 2F 2-2: SINGLE (Groundball, 6MD)
|
Batting: RHB Jorge Castillo
|
0-0: Foul Ball, location: 2F 0-1: Ball 1-1: Foul Ball, location: 2F 1-2: Strikes out looking
|
Batting: LHB Sergio Luna
|
0-0: Called Strike 0-1: Swinging Strike 0-2: Strikes out looking
|
Batting: RHB Yoshitsune Kamida
|
0-0: Ground out 5-3 (Groundball, 5S)
|
Top of the 5th over - 0 run(s), 1 hit(s), 0 error(s), 1 left on base; Detroit 0 - Wisconsin 6 |
BOTTOM OF THE 5TH |
Wisconsin Timber Rattlers batting - Pitching for Detroit X-Wings : LHP Richard Dorris
|
Batting: RHB Greg King
|
0-0: Called Strike 0-1: Ball 1-1: Foul Ball, location: 2F 1-2: Strikes out swinging
|
Batting: LHB Ramón Córdova
|
0-0: Fly out, F6 (Line Drive, 6M)
|
Batting: RHB Shawn Marshall
|
0-0: Reaches on Catchers interference
|
Batting: RHB Enrico Ramos
|
0-0: DOUBLE (Line Drive, 8RXD) Shawn Marshall to third Runner from 3rd tries for Home, SAFE, no throw
|
Batting: RHB Vicente Vélez
|
0-0: Ball 1-0: Foul Ball, location: 2F 1-1: Fly out, F7 (Flyball, 7S)
|
Bottom of the 5th over - 1 run(s), 1 hit(s), 1 error(s), 1 left on base; Detroit 0 - Wisconsin 7 |
TOP OF THE 6TH |
Detroit X-Wings batting - Pitching for Wisconsin Timber Rattlers : RHP Arthur Green
|
Batting: RHB Domingo Ávila
|
0-0: Ball 1-0: Called Strike 1-1: Ball 2-1: Reached via error on a dropped throw, E3
|
Batting: RHB Gary Witt
|
0-0: Called Strike 0-1: Ball 1-1: Foul Ball, location: 2F 1-2: Foul Ball, location: 2F 1-2: Strikes out swinging
|
Batting: RHB Vincente Encarnación
|
0-0: Ball 1-0: Grounds into double play, 6-4-3 (Groundball, 56)
|
Top of the 6th over - 0 run(s), 0 hit(s), 1 error(s), 0 left on base; Detroit 0 - Wisconsin 7 |
BOTTOM OF THE 6TH |
Wisconsin Timber Rattlers batting - Pitching for Detroit X-Wings : LHP Richard Dorris
|
Batting: RHB John Denton
|
0-0: Called Strike 0-1: Foul Ball, location: 2F 0-2: Ball 1-2: Fly out, F6 (Line Drive, 56D)
|
Batting: LHB Alex Henderson
|
0-0: Foul Ball, location: 2F 0-1: Ground out 4-3 (Groundball, 4)
|
Batting: RHB Kirk Powell
|
0-0: Ball 1-0: SOLO HOME RUN (Flyball, 7D), Distance : 374 ft
|
Batting: SHB Bob Warren
|
0-0: Ground out 6-3 (Groundball, 56)
|
Bottom of the 6th over - 1 run(s), 1 hit(s), 0 error(s), 0 left on base; Detroit 0 - Wisconsin 8 |
TOP OF THE 7TH |
Detroit X-Wings batting - Pitching for Wisconsin Timber Rattlers : RHP Arthur Green
|
Batting: LHB Chris Loudermilk
|
0-0: Foul Ball, location: 2F 0-1: Ball 1-1: Ball 2-1: Swinging Strike 2-2: Foul Ball, location: 2F 2-2: SINGLE (Groundball, 6D)
|
Batting: RHB Keith Sims
|
0-0: Ball 1-0: Ball 2-0: SINGLE (Flyball, 8RS) Chris Loudermilk to second
|
Batting: RHB Enrique Aguilar
|
0-0: Ball 1-0: Ball 2-0: Foul Ball, location: 2F 2-1: Reached on error, E5 (Groundball, 5L) Chris Loudermilk to third Keith Sims to second
|
Batting: RHB Jorge Castillo
|
0-0: Called Strike 0-1: Grounds into double play, 5-4-3 (Groundball, 56) Chris Loudermilk scores Keith Sims to third
|
Batting: LHB Sergio Luna
|
0-0: Called Strike 0-1: Ball 1-1: Foul Ball, location: 2F 1-2: Foul Ball, location: 2F 1-2: Ball 2-2: Foul Ball, location: 2F 2-2: Ground out 4-3 (Groundball, 4M)
|
Top of the 7th over - 1 run(s), 2 hit(s), 1 error(s), 1 left on base; Detroit 1 - Wisconsin 8 |
BOTTOM OF THE 7TH |
Wisconsin Timber Rattlers batting - Pitching for Detroit X-Wings : LHP Richard Dorris
|
Pitching: RHP Ralph Bascombe
|
|
Batting: RHB Greg King
|
0-0: Ball 1-0: Called Strike 1-1: Called Strike 1-2: SINGLE (Flyball, 78S)
|
Batting: LHB Ramón Córdova
|
0-0: Swinging Strike 0-1: Fielders Choice at 2nd, 4-6 (Groundball, 34)
|
Batting: RHB Shawn Marshall
|
0-0: Ground out 5-3 (Groundball, 56S) Ramón Córdova to second
|
Batting: RHB Enrico Ramos
|
0-0: Ball 1-0: Ball 2-0: Ball 3-0: Called Strike 3-1: Ground out 4-3 (Groundball, 4)
|
Bottom of the 7th over - 0 run(s), 1 hit(s), 0 error(s), 1 left on base; Detroit 1 - Wisconsin 8 |
TOP OF THE 8TH |
Detroit X-Wings batting - Pitching for Wisconsin Timber Rattlers : RHP Arthur Green
|
Pitching: RHP Tom McConnell
|
|
Batting: RHB Yoshitsune Kamida
|
0-0: Ball 1-0: Called Strike 1-1: Foul Ball, location: 2F 1-2: Ball 2-2: Ground out 4-3 (Groundball, 4)
|
Batting: RHB Domingo Ávila
|
0-0: Foul Ball, location: 2F 0-1: Ball 1-1: Fly out, F8 (Flyball, 89D)
|
Batting: RHB Gary Witt
|
0-0: Called Strike 0-1: Ball 1-1: Ball 2-1: Ball 3-1: Base on Balls
|
Batting: RHB Vincente Encarnación
|
0-0: Called Strike 0-1: Foul Ball, location: 2F 0-2: Ball 1-2: Strikes out swinging
|
Top of the 8th over - 0 run(s), 0 hit(s), 0 error(s), 1 left on base; Detroit 1 - Wisconsin 8 |
BOTTOM OF THE 8TH |
Wisconsin Timber Rattlers batting - Pitching for Detroit X-Wings : RHP Ralph Bascombe
|
Batting: RHB Vicente Vélez
|
0-0: Called Strike 0-1: Ball 1-1: SOLO HOME RUN (Flyball, 8LXD), Distance : 407 ft
|
Pitching: LHP Mike O'Brien
|
|
Batting: RHB John Denton
|
0-0: Foul Ball, location: 2F 0-1: Fly out, F8 (Flyball, 8RXD)
|
Batting: LHB Alex Henderson
|
0-0: Ball 1-0: Ball 2-0: Foul Ball, location: 2F 2-1: Swinging Strike 2-2: Foul Ball, location: 2F 2-2: Ground out 4-3 (Groundball, 4)
|
Batting: RHB Kirk Powell
|
0-0: SINGLE (Line Drive, 56D)
|
Batting: SHB Bob Warren
|
0-0: Ball 1-0: Foul Ball, location: 2F 1-1: Foul Ball, location: 2F 1-2: Fielders Choice at 2nd, 4-6 (Groundball, 4)
|
Bottom of the 8th over - 1 run(s), 2 hit(s), 0 error(s), 0 left on base; Detroit 1 - Wisconsin 9 |
TOP OF THE 9TH |
Detroit X-Wings batting - Pitching for Wisconsin Timber Rattlers : RHP Tom McConnell
|
Batting: LHB Chris Loudermilk
|
0-0: Called Strike 0-1: Foul Ball, location: 2F 0-2: Ball 1-2: Ball 2-2: Foul Ball, location: 2F 2-2: Ground out U3 (Groundball, 3)
|
Batting: RHB Keith Sims
|
0-0: Called Strike 0-1: Called Strike 0-2: Foul Ball, location: 2F 0-2: Strikes out swinging
|
Batting: RHB Enrique Aguilar
|
0-0: Called Strike 0-1: Swinging Strike 0-2: Hit by Pitch
|
Batting: RHB Jorge Castillo
|
0-0: Ball 1-0: Swinging Strike 1-1: Ball 2-1: Foul Ball, location: 2F 2-2: SINGLE (Line Drive, 89S) Enrique Aguilar to second Runner from 2nd tries for 3rd, OUT!
|
Top of the 9th over - 0 run(s), 1 hit(s), 0 error(s), 1 left on base; Detroit 1 - Wisconsin 9 |
|